 Dungeon Crawl Stone Soup version 0.30-a0-778-g2ef04afb54 (webtiles) character file.

Game seed: 18005337478649015849

225 sircluck the Poker (level 5, -8/47 HPs)
             Began as a Minotaur Fighter on Feb 15, 2023.
             Mangled by an orc warrior
             ... wielding a +0 halberd
              (12 damage)
             ... on level 7 of the Dungeon.
             The game lasted 00:01:56 (700 turns).

sircluck the Poker (Minotaur Fighter)                Turns: 700, Time: 00:01:57

Health: -8/47      AC:  7    Str: 23    XL:     5   Next: 68%
Magic:  4/4        EV:  9    Int:  5    God:
Gold:   83         SH:  4    Dex:  9    Spells: 4/4 levels left

rFire   . . .      SeeInvis .    a - +0 trident
rCold   . . .      Faith    .    c - +0 buckler
rNeg    . . .      Spirit   .    b - +0 scale mail
rPois   .          Reflect  .    (helmet restricted)
rElec   .          Harm     .    (no cloak)
rCorr   .          Rampage  .    (no gloves)
Will    .....                    (no boots) Stlth
                                 (no amulet)
HPRegen 0.27/turn                (no ring)
MPRegen 0.09/turn                (no ring)

@: no status effects
A: horns 2, retaliatory headbutt
a: no special abilities


You were on level 7 of the Dungeon.
You visited 1 branch of the dungeon, and saw 7 of its levels.

You collected 83 gold pieces.

Inventory:

Hand Weapons
 a - a +0 trident (weapon)
 k - a +0 broad axe
Armour
 b - a +0 scale mail (worn)
 c - a +0 buckler (worn)
Wands
 h - a wand of flame (4)
Scrolls
 f - 3 scrolls of blinking {unknown}
 g - a scroll of enchant weapon {unknown}
 i - 3 scrolls of identify {unknown}
 j - a scroll of teleportation {unknown}
Potions
 d - a potion of might
 e - a potion of curing {unknown}


   Skills:
 + Level 4.4 Fighting
 + Level 5.2 Polearms
 + Level 4.8 Armour
 + Level 0.9 Dodging
 + Level 4.5 Shields


You had 4 spell levels left.
You didn't know any spells.
Your spell library was empty.

Dungeon Overview and Level Annotations

Branches:
Dungeon (7/15)
 Temple: D:4-7

Altars:
Elyvilon

Shops:
D:6 *


Innate Abilities, Weirdness & Mutations

You have a pair of horns on your head.
You reflexively headbutt those who attack you in melee.


Message History

The orc priest miscasts a cantrip.
An orc warrior comes into view. It is wielding a +0 halberd.
The orc warrior shouts!
You hit the orc.
The orc is heavily wounded.
You hear a shout!
The orc priest calls upon Beogh to heal the orc.
The orc's wounds heal themselves!
The orc closely misses you.
You barely miss the wight. The wight hits you with a +0 mace.
You block the orc's attack.
You puncture the orc priest!
The orc priest is heavily wounded.
The orc priest invokes the aid of Beogh against you.
You barely resist. The wight hits you with a +0 mace.
The orc closely misses you.
The orc warrior hits you from afar with a +0 halberd!
You puncture the orc priest!
The orc priest is almost dead.
The orc priest hits you but does no damage.
An orc comes into view. It is wielding a +0 club.
The wight hits you with a +0 mace.
You feel drained.
The orc warrior hits you from afar with a +0 halberd!
* * * LOW HITPOINT WARNING * * *
The orc hits you with a +0 hand axe.
* * * LOW HITPOINT WARNING * * *
You are too injured to fight recklessly!
You are too injured to fight recklessly!
The orc attacks as you move away! You block the orc's attack.
You hit the orc priest.
You kill the orc priest!
You block the orc warrior's attack.
Your life force feels restored.
Your Polearms skill increases to level 5!
Aiming: Throw Flame
Press: ? - help, Q - select action Shift-Dir - straight line, f - orc warrior
Aim: an orc warrior, wielding a +0 halberd and wearing a +0 plate armour (68% to hit)
The puff of flame hits the orc!
You kill the orc!
The orc warrior hits you from afar with a +0 halberd!
You die... ......### #.......# ....... ..... ... .. #..=# #.##.# #zzo#

#.##.# #o# #.##.#
#)# #.##.# #@#
#.....
#.###########.##.#
#.............[..#
#############.....
######


You could see an orc warrior, 2 wights and an orc.

Vanquished Creatures
  A scorpion (D:5)
  A hound (D:4)
  An orc priest (D:7)
  An iguana (D:5)
  An orc wizard (D:5)
  2 adders
  A worm (D:2)
  A dart slug (D:1)
  3 orcs
  2 endoplasms
  2 giant cockroaches
  4 goblins
  3 quokkas
  2 ball pythons (D:2)
  3 bats (D:2)
  5 frilled lizards
  3 kobolds
  A rat (D:1)
37 creatures vanquished.

Notes
Turn   | Place    | Note
-------+----------+-------------------------------------------
     0 | D:1      | sircluck the Minotaur Fighter began the quest for the Orb.
     0 | D:1      | Reached XP level 1. HP: 19/19 MP: 0/0
    70 | D:1      | Reached XP level 2. HP: 27/27 MP: 1/1
   160 | D:2      | Reached XP level 3. HP: 29/33 MP: 2/2
   614 | D:4      | Reached skill level 3 in Polearms
   614 | D:4      | Reached XP level 4. HP: 39/40 MP: 3/3
   621 | D:5      | Entered Level 5 of the Dungeon
   636 | D:5      | Found a white marble altar of Elyvilon.
   641 | D:5      | Reached skill level 4 in Polearms
   641 | D:5      | Noticed a scorpion
   642 | D:5      | Reached XP level 5. HP: 47/47 MP: 4/4
   660 | D:6      | Found Noestuapt's General Store.
   692 | D:7      | Noticed an orc warrior
   699 | D:7      | Reached skill level 5 in Polearms
   700 | D:7      | Mangled by an orc warrior

Illustrated notes

Levels and vault maps discovered:
D:1:      reono_arrival_forest_river, layout_rooms, minmay_tall_x
D:2:      layout_loops_ring, shapermc_ecumenical_altar_totnotflames
D:3:      layout_loops_ring
D:4:      layout_gridville, temple_doors_e, serial_co_window_serial,
          co_window_paths_a, co_window_paths_b, co_window_corner_a,
          co_window_of_opportunity_a, co_window_paths_a, co_window_corner_a,
          co_window_corner_a, co_window_corner_b, co_window_corner_b,
          co_window_2corner, kennysheep_generic_room_8
D:5:      layout_rooms, mainiacjoe_overflow_catch_the_wave,
          nicolae_wu_jian_wuxing_cycle, serial_shops, shop_statue,
          eino_tiny_chamber
D:6:      layout_basic, serial_shops, nicolae_stop_n_shop_2,
          uniq_crazy_yiuf_cottage
D:7:      cheibrodos_fertilizer, layout_loops_ring, grunt_tough_drop

Skill      XL: |  1  2  3  4  5 |
---------------+----------------+-----
Armour         | 4 |  4.8
Fighting       | 4 |  4.4
Shields        | 4 |  4.5
Polearms       | 3 4 5 |  5.2
Dodging        | |  0.9

Action                     |  1- 3 |  4- 6 || total
---------------------------+-------+-------++-------
  Melee: Trident           |    87 |    28 ||   115
         Headbutt          |     4 |     4 ||     8
  Evoke: Wand              |       |     1 ||     1
 Armour: Scale mail        |    30 |     9 ||    39
  Dodge: Dodged            |    31 |    11 ||    42
  Block: Buckler           |    19 |     5 ||    24

Table legend: (Time is in decaauts)
 A = Elapsed time spent in this place.
 B = Non-inter-level travel time spent in this place.
 C = Inter-level travel time spent in this place.
 D = Time resting spent in this place.
 E = Time spent auto-exploring this place.
 F = Levels seen in this place.
 G = Mean time per level.
                   A        B        C        D        E       F      G
               +--------+--------+--------+--------+--------+-----+--------+
         Total |    723 |    710 |     13 |      0 |    351 |   7 |  103.3 |
       Dungeon |    723 |    710 |     13 |      0 |    351 |   7 |  103.3 |
               +--------+--------+--------+--------+--------+-----+--------+

Top non-repeatable levels by time:
     D:2: 273 daAuts
     D:4: 168 daAuts
     D:3: 109 daAuts
     D:1: 91 daAuts
     D:5: 41 daAuts
     D:7: 34 daAuts
     D:6: 5 daAuts
